 Dungeon Crawl Stone Soup version 0.30.0-29-ga12c61a403 (webtiles) character file.

Game seed: 1983979848787180704

1304 LynnLen the Covert (level 8, -3/36 HPs)
             Began as a Spriggan Enchanter on June 15, 2023.
             Slain by a vampire mosquito (4 damage)
             ... on level 5 of the Dungeon.
             The game lasted 00:20:51 (6681 turns).

LynnLen the Covert (Spriggan Enchanter)             Turns: 6681, Time: 00:20:51

Health: -3/36      AC:  3    Str:  4    XL:     8   Next: 31%
Magic:  12/17      EV: 17    Int: 19    God:
Gold:   315        SH:  0    Dex: 15    Spells: 10/18 levels left

rFire   . . .        q - +1 dagger (drain)
rCold   + . .        (no shield)
rNeg    . . .        b - +1 robe
rPois   .            (helmet restricted)
rElec   .            (no cloak)
rCorr   .            (gloves unavailable)
SInv    +            (boots unavailable)
Will    +....        (no amulet)
Stlth   +++++        m - ring of protection from cold
HPRegen 0.26/turn    (no ring)
MPRegen 0.15/turn

%: no passive effects
@: confusing by touch, very quick
A: very small, no large weapons, unfitting armour, see invisible, speed 3
a: no special abilities


You were on level 5 of the Dungeon.
You visited 1 branch of the dungeon, and saw 6 of its levels.
You also visited: Sewer.

You collected 315 gold pieces.

Inventory:

Hand Weapons
 a - a +1 dagger
 q - a +1 dagger of draining (weapon)
 y - a +2 rapier of venom
Missiles
 f - 68 stones (quivered)
 o - 22 poisoned darts
Armour
 b - a +1 robe (worn)
 C - a scarf of invisibility
Jewellery
 m - a ring of protection from cold (left hand)
 A - the ring "Ruibbo" {Contam rElec rPois Str+3 Dex+2}
   (You found it on level 5 of the Dungeon)

   [ring of poison resistance]

   Str:       It affects your strength (+3).
   Dex:       It affects your dexterity (+2).
   rElec:     It insulates you from electricity.
   rPois:     It protects you from poison.
   Contam:    It causes magical contamination when unequipped.
Wands
 t - a wand of light (8)
 u - a wand of mindburst (12)
Scrolls
 h - 3 scrolls of vulnerability
 i - a scroll of poison
 j - a scroll of enchant armour
 k - a scroll of identify
 p - 2 scrolls of blinking {unknown}
 r - a scroll of teleportation {unknown}
 v - a scroll of amnesia {unknown}
 z - a scroll of noise {unknown}
 B - a scroll of brand weapon {unknown}
Potions
 c - 3 potions of invisibility
 d - a potion of lignification
 e - 2 potions of mutation
 g - 3 potions of heal wounds {unknown}
 l - 3 potions of might
 n - 2 potions of cancellation {unknown}
 s - a potion of resistance {unknown}
 w - 2 potions of haste {unknown}
 x - a potion of magic {unknown}


   Skills:
 - Level 1.1 Short Blades
 - Level 2.6 Dodging
 + Level 12.1 Stealth
 + Level 5.9 Spellcasting
 + Level 6.4 Hexes
 * Level 3.5 Evocations


You had 10 spell levels left.
You knew the following spells:

 Your Spells              Type           Power      Damage    Failure   Level
a - Ensorcelled Hibernat  Hex/Ice        34%        N/A       4%          2
b - Confusing Touch       Hex            30%        N/A       2%          3
c - Tukima's Dance        Hex            30%        N/A       2%          3

Your spell library contained the following spells:

 Spells                   Type           Power      Damage    Failure   Level
 Dazzling Flash           Conj/Hex       34%        N/A       9%          3
 Blink                    Tloc           10%        N/A       17%         2
 Lesser Beckoning         Tloc           10%        N/A       17%         2
 Momentum Strike          Conj/Tloc      10%        3d8       17%         2
 Animate Dead             Necr           5%         N/A       75%         4
 Borgnjor's Vile Clutch   Necr/Erth      2%         N/A       97%         5
 Death Channel            Necr           2%         N/A       100%        6


Dungeon Overview and Level Annotations

Branches:
Dungeon (6/15)             Temple (0/1) D:6           Sewer (visited)

Altars:
Fedhas
Sif Muna
Xom
Yredelemnul

Shops:
D:3 *


Innate Abilities, Weirdness & Mutations

You are very small and have problems with some larger weapons.
You are too small for most types of armour.
You have supernaturally acute eyesight. (SInv)
You cover ground extremely quickly. (Speed+++)


Message History

Items here: ))) [[ ††.
Casting: Ensorcelled Hibernation (safe; 4% risk of failure)
Confirm with . or Enter, or press ? or * to list all spells.
Your hands begin to glow red.
The vampire mosquito bites you!
The vampire mosquito draws strength from your injuries!
You hit the vampire mosquito but do no damage.
The vampire mosquito appears confused.
The vampire mosquito completely misses you.
You barely miss the vampire mosquito.
The vampire mosquito closely misses you.
You hit the vampire mosquito.
The vampire mosquito is lightly damaged.
The vampire mosquito closely misses you.
The vampire mosquito closely misses the vampire mosquito.
The vampire mosquito bites itself!
You catch the helpless vampire mosquito completely off-guard!
You impale the vampire mosquito!!
You destroy the vampire mosquito!
The vampire mosquito bites you.
The vampire mosquito draws strength from your injuries!
Your Stealth skill increases to level 12!
You hit the vampire mosquito but do no damage.
The vampire mosquito bites you!
The vampire mosquito draws strength from your injuries!
The vampire mosquito closely misses you.
Casting: Confusing Touch (dangerous; 2% risk of failure)
Confirm with . or Enter, or press ? or * to list all spells.
Your hands begin to glow red.
The vampire mosquito completely misses you.
You hit the vampire mosquito but do no damage.
The vampire mosquito completely misses you.
The vampire mosquito bites you but does no damage.
You miss the vampire mosquito.
The vampire mosquito closely misses you.
The vampire mosquito completely misses you.
You miss the vampire mosquito. The vampire mosquito bites you!
* * * LOW HITPOINT WARNING * * *
The vampire mosquito draws strength from your injuries!
The vampire mosquito bites you.
You die...

#........### ###..##..##..#....##
#.####.....######.....##....###..
#........#................#####.#
.......############.....#.####..#
.....##..# ##.......##....
...##....#### ###.............
.##...##....## ###....###....####
........)....###......##.....##..
....##........##@#..#...........#
..#.........>.##y#.#....#....##..
..............)..#....#...#...###
.#.............##.......###.#.# #
.#...................######.#.# #
.........................##.#.# #
................#.<......##.#.###
...................#####.##.#....
..#.#.........###.## #..#..###.


You could see a vampire mosquito.

Vanquished Creatures
  Eustachio (D:5)
  A vampire mosquito (D:5)
  Menkaure (D:4)
  3 phantoms
  2 kobold brigands (Sewer)
  2 jellies
  An orc priest (D:6)
  2 iguanas
  5 orc wizards
  9 gnolls
  6 adders
  An ufetubus (D:5)
  A worm (D:3)
  3 dart slugs
  10 orcs
  9 ball pythons
  6 endoplasms
  6 giant cockroaches
  7 goblins
  4 hobgoblins
  2 jackals (D:1)
  21 kobolds
  8 quokkas
  7 bats
  6 frilled lizards
  13 rats
137 creatures vanquished.

Vanquished Creatures (collateral kills)
  4 orcs
  A frilled lizard (D:3)
5 creatures vanquished.

Vanquished Creatures (others)
  4 dancing weapons
4 creatures vanquished.

Grand Total: 146 creatures vanquished

Notes
Turn   | Place    | Note
-------+----------+-------------------------------------------
     0 | D:1      | LynnLen the Spriggan Enchanter began the quest for the Orb.
     0 | D:1      | Reached XP level 1. HP: 9/9 MP: 5/5
   618 | D:1      | Reached XP level 2. HP: 13/13 MP: 6/6
   725 | D:1      | Reached skill level 5 in Stealth
   871 | D:1      | Reached XP level 3. HP: 13/16 MP: 8/8
   874 | D:1      | Learned a level 2 spell: Ensorcelled Hibernation
   878 | D:1      | Learned a level 3 spell: Confusing Touch
   882 | D:1      | Learned a level 3 spell: Tukima's Dance
  1765 | D:2      | Reached skill level 6 in Stealth
  2104 | D:2      | Found a faded altar of an unknown god.
  2636 | D:3      | Reached XP level 4. HP: 11/21 MP: 7/9
  3279 | D:3      | Found Epyips's General Store.
  3605 | D:4      | Reached skill level 7 in Stealth
  3746 | D:4      | Noticed a phantom
  3758 | D:4      | Killed a phantom
  3759 | D:4      | Reached skill level 8 in Stealth
  3759 | D:4      | Reached XP level 5. HP: 24/24 MP: 6/11
  3867 | D:4      | Noticed a phantom
  4034 | D:4      | Killed a phantom
  4035 | D:4      | Reached skill level 9 in Stealth
  4035 | D:4      | Reached XP level 6. HP: 27/28 MP: 9/12
  4278 | D:4      | Noticed Menkaure
  4297 | D:4      | Killed Menkaure
  4298 | D:4      | Reached skill level 10 in Stealth
  4298 | D:4      | Reached skill level 5 in Hexes
  4562 | D:4      | Reached XP level 7. HP: 24/32 MP: 4/14
  4771 | D:4      | Found a basalt altar of Yredelemnul.
  4771 | D:4      | Found a shimmering blue altar of Sif Muna.
  4771 | D:4      | Found a shimmering altar of Xom.
  5085 | D:5      | Entered Level 5 of the Dungeon
  5506 | D:5      | Reached skill level 1 in Evocations
  5595 | D:5      | Noticed Eustachio
  5626 | D:5      | Reached skill level 5 in Spellcasting
  5725 | D:5      | Found a glowing drain.
  5755 | Sewer    | Entered a sewer
  5932 | Sewer    | Reached skill level 11 in Stealth
  6168 | D:5      | Killed Eustachio
  6169 | D:5      | Reached XP level 8. HP: 36/36 MP: 17/17
  6354 | D:5      | Found a blossoming altar of Fedhas.
  6362 | D:5      | Identified the ring "Ruibbo" {Contam rElec rPois Str+3
                  | Dex+2}
  6650 | D:6      | Found a staircase to the Ecumenical Temple.
  6677 | D:5      | Reached skill level 12 in Stealth
  6681 | D:5      | HP: 1/36 [vampire mosquito (12)]
  6681 | D:5      | Slain by a vampire mosquito

Illustrated notes

Levels and vault maps discovered:
D:1:      tarquinn_simple_flora_water_d, layout_basic
D:2:      layout_loops_corners, shapermc_ecumenical_altar_flowoftime,
          minmay_tetromino_s2
D:3:      layout_loops_corners, serial_shops, nicolae_shop_tiny_statue_garden
D:4:      layout_basic, gammafunk_temple_overflow_forgotten, uniq_menkaure
D:5:      layout_rooms, mainiacjoe_overflow_cross_hatched, portal_sewer_entry_c,
          minmay_misc_feat_tower, hangedman_decor_peaks_small, uniq_eustachio
D:6:      layout_layer_cave, minmay_temple_entry_sparse_star

Skill      XL: |  1  2  3  4  5  6  7  8 |
---------------+-------------------------+-----
Hexes          | 4 5 6 |  6.4
Stealth        | 5 6 8 9 10 11 12 | 12.1
Spellcasting   | 3 4 5 |  5.9
Evocations     | 2 3 |  3.5
Short Blades   | |  1.1
Dodging        | |  2.6

Action                     |  1- 3 |  4- 6 |  7- 9 || total
---------------------------+-------+-------+-------++-------
  Melee: Dagger            |   167 |   153 |   216 ||   536
         Punch             |     1 |     3 |     3 ||     7
   Cast: Ensorcelled Hiber |     3 |     6 |    19 ||    28
         Tukima's Dance    |       |     4 |     9 ||    13
         Confusing Touch   |       |     5 |     6 ||    11
    Use: Scroll            |     3 |     2 |     2 ||     7
         Potion            |       |       |     3 ||     3
   Stab: Sleeping          |    15 |    12 |    18 ||    45
         Confused          |       |     4 |     3 ||     7
         Invisible         |       |       |     2 ||     2
         Distracted        |       |       |     1 ||     1
 Armour: Robe              |    25 |     6 |    22 ||    53
  Dodge: Dodged            |   135 |    92 |   188 ||   415
